 Dungeon Crawl Stone Soup version 0.17.0-24-gcfadda4 (webtiles) character file.

287 ketsa the Distorting Demonspawn (level 6, 0/47 HPs)
             Began as a Demonspawn Abyssal Knight on Nov 16, 2015.
             Was a Believer of Lugonu.
             Succumbed to a worker ant's poison
             ... on level 4 of the Dungeon.
             The game lasted 00:11:44 (3474 turns).

ketsa the Distorting Demonspawn (DsAK)              Turns: 3474, Time: 00:11:44

Health: 0/47       AC:  5    Str: 19      XL:     6   Next: 8%
Magic:  6/9        EV: 11    Int: 13      God:    Lugonu [**....]
Gold:   167        SH:  0    Dex: 11 (13) Spells: 0 memorised, 5 levels left

rFire  . . .     SeeInvis .     s - +1 war axe
rCold  . . .     Clarity  .     q - +0 ring mail
rNeg   . . .     SustAt   .     (no shield)
rPois  .         Gourm    .     (helmet restricted)
rElec  .         Spirit   +     (no cloak)
rCorr  .         Warding  .     (no gloves)
rMut   .         Stasis   .     (no boots)
MR     .....                    (no amulet)
Stlth  +.........               (no ring)
                                h - ring of flight

@: mighty, lethally poisoned (0 -> -10), very slightly contaminated, hasted,
very quick, not resistant to hostile enchantments, very unstealthy
A: antennae 2, powered by death 1, magic shield
a: Depart the Abyss, Bend Space, Renounce Religion, Evoke Flight


You were on level 4 of the Dungeon.
You worshipped Lugonu.
Lugonu was pleased with you.
You were not hungry.

You visited 1 branch of the dungeon, and saw 4 of its levels.
You visited the Abyss 1 time.
You also visited: Ossuary.

You collected 167 gold pieces.

Inventory:

Hand Weapons
 a - a +1 hand axe
 p - a +2 hunting sling of velocity
 s - a +1 war axe (weapon)
Missiles
 t - 23 stones (quivered)
Armour
 b - a +0 leather armour
 g - a +0 helmet
 q - a +0 ring mail (worn)
Jewellery
 h - a ring of flight (left hand)
 m - an uncursed amulet of clarity {unknown}
Scrolls
 e - a scroll of blinking
 f - 2 scrolls of fear
Potions
 d - a potion of flight
 o - a potion of degeneration
Comestibles
 c - 4 bread rations
 i - a meat ration


   Skills:
 - Level 3.0 Fighting
 * Level 4.2 Axes
 + Level 3.3 Armour
 - Level 1.1 Dodging
 + Level 4.5 Invocations


You had 5 spell levels left.
You didn't know any spells.

Dungeon Overview and Level Annotations

Branches:
Dungeon (4/15)
 Temple: D:4-7

Altars:
Ashenzari
Makhleb
Ru
The Shining One

Annotations:
D:3 Natasha


Innate Abilities, Weirdness & Mutations

You have a pair of antennae on your head.
You regenerate a little health from kills.
When hurt, damage is shared between your health and your magic reserves.


Message History

Increase (S)trength, (I)ntelligence, or (D)exterity?
You feel stronger.
Your demonic ancestry asserts itself...
A wave of death washes over you.
You feel your dexterity returning.
* * * LOW HITPOINT WARNING * * *
You feel sick.
Drink which item? (? for menu, Esc to quit)
Okay, then.
You aren't carrying any items that can be evoked.
Read which item? (? for menu, Esc to quit)
Okay, then.
There is a lethal amount of poison in your body!
* * * LOW HITPOINT WARNING * * *
You feel sick.
All of the chunks of flesh in your inventory have rotted away.
* * * LOW HITPOINT WARNING * * *
You feel sick.
* * * LOW HITPOINT WARNING * * *
You feel sick.
You die...

.......... #..###.###.#...
........# ..#
##.#.....#..... ........#
... #.###.###...## ##.....##
#.. #...#.#....## #.....####
#.. #...#'#...##
##.....##..##.. #.........#
#.....##...... #..##>..###
#.....##......####......##
#.....##.....†@§#####..##
#......#.......§.###...#
#......#..........##...#
#.......#..............#
#...#...................#
#.......................#
#.................<.....#
#.......................##
#........................##.


There were no monsters in sight!

Vanquished Creatures
  A phantom (D:2)
  3 worker ants (D:4)
  2 mummies
  2 adders (D:2)
  A gnoll (D:1)
  An adder skeleton (D:4)
  A worm (D:2)
  2 giant geckos
  4 ball pythons
  5 giant cockroaches
  6 hobgoblins
  10 jackals
  A quokka (D:2)
  9 bats
  3 giant newts
  3 gnoll zombies (Ossuary)
  4 goblins
  2 hobgoblin zombies (Ossuary)
  5 kobolds
  A kobold zombie (Ossuary)
  An orc zombie (Ossuary)
  7 rats
74 creatures vanquished.

Notes
Turn   | Place    | Note
--------------------------------------------------------------
     0 | Abyss:1  | ketsa the Demonspawn Abyssal Knight began the quest for the Orb.
     0 | Abyss:1  | Reached XP level 1. HP: 18/18 MP: 2/2
    20 | Abyss:2  | Found a corrupted altar of Lugonu.
    61 | Abyss:2  | Noticed a sixfirhy
    65 | D:1      | Escaped the Abyss
   111 | D:1      | Noticed an electric eel
   114 | D:1      | Reached skill level 1 in Dodging
   115 | D:1      | Noticed an electric eel
   279 | D:1      | Reached * piety under Lugonu
   435 | D:1      | Found a glowing golden altar of the Shining One.
   450 | D:1      | Gained mutation: When hurt, damage is shared between your health and your magic reserves. [demonic ancestry]
   450 | D:1      | Reached XP level 2. HP: 17/24 MP: 3/3
  1018 | D:1      | Gained mutation: You have a pair of small antennae on your head. [demonic ancestry]
  1018 | D:1      | Reached XP level 3. HP: 29/29 MP: 2/5
  1648 | D:2      | Found a shattered altar of Ashenzari.
  1928 | D:2      | Found a burning altar of Makhleb.
  1980 | D:2      | Reached ** piety under Lugonu
  2389 | D:2      | Reached XP level 4. HP: 33/35 MP: 6/6
  2409 | D:2      | Noticed a phantom
  2482 | D:2      | Killed a phantom
  2482 | D:2      | Reached skill level 4 in Invocations
  2482 | D:2      | Gained mutation: You have a pair of antennae on your head. [demonic ancestry]
  2482 | D:2      | Reached XP level 5. HP: 39/41 MP: 4/8
  2533 | D:2      | Found a faded altar to an unknown god.
  2806 | D:3      | Noticed Natasha
  3004 | D:3      | Found a sacrificial altar of Ru.
  3290 | D:4      | Found a sand-covered staircase.
  3295 | Ossuary  | Entered an ossuary
  3469 | D:4      | Gained mutation: You regenerate a little health from kills. [demonic ancestry]
  3469 | D:4      | Reached XP level 6. HP: 5/47 MP: 6/9
  3471 | D:4      | HP: 2/47 [poisoned by a worker ant]
  3474 | D:4      | Succumbed to a worker ant's poison

Action                   |  1- 3 |  4- 6 || total
-------------------------+-------+-------++-------
Melee: Hand axe          |   147 |       ||   147
       War axe           |    57 |   127 ||   184
Throw: Stone             |       |     6 ||     6
Invok: Depart the Abyss  |     1 |       ||     1
  Use: Potion            |       |     9 ||     9
       Scroll            |       |     6 ||     6
  Eat: Chunk             |     5 |     4 ||     9
